 Dungeon Crawl Stone Soup version 0.19-a0-1111-gcceb26a (webtiles) character file.

28 epen the Grasshopper (level 2, 0/15 HPs)
             Began as a Spriggan Warper on Aug 10, 2016.
             Slain by a worm (8 damage)
             ... on level 1 of the Dungeon.
             The game lasted 00:01:23 (594 turns).

epen the Grasshopper (Spriggan Warper)               Turns: 594, Time: 00:01:24

Health: 0/15       AC:  2    Str:  7    XL:     2   Next: 96%
Magic:  7/7        EV: 19    Int: 14    God:
Gold:   34         SH:  0    Dex: 15    Spells: 2 memorised, 4 levels left

rFire  . . .     SeeInvis +     a - +0 short sword
rCold  . . .     Gourm    .     b - +0 robe
rNeg   . . .     Faith    .     (shield restricted)
rPois  .         Spirit   .     (helmet restricted)
rElec  .         Dismiss  .     (no cloak)
rCorr  .         Reflect  .     (gloves unavailable)
SustAt .         Harm     .     (boots unavailable)
MR     .....                    (no amulet)
Stlth  +.........               (no ring)
                                (no ring)

@: very quick
A: unfitting armour, see invisible, herbivore 3, speed 3, slow metabolism 2
a: no special abilities


You were on level 1 of the Dungeon.
You were not hungry.

You visited 1 branch of the dungeon, and saw 1 of its levels.

You collected 34 gold pieces.

Inventory:

Hand Weapons
 a - a +0 short sword (weapon)
Missiles
 e - 5 tomahawks of dispersal (quivered)
 g - 36 arrows
Armour
 b - a +0 robe (worn)
Scrolls
 d - a scroll of blinking
 h - 2 scrolls of identify {unknown}
 i - a scroll of magic mapping {unknown}
 j - a scroll of enchant armour {unknown}
 k - a scroll of fog {unknown}
Books
 c - a book of Spatial Translocations

   Spells                             Type                      Level
   a - Apportation                    Translocation                1
   b - Blink                          Translocation                2
   c - Shroud of Golubria             Charms/Translocation         2
   d - Portal Projectile              Translocation                3
   e - Teleport Other                 Translocation                3
   f - Passage of Golubria            Translocation                4
Comestibles
 f - 3 bread rations


   Skills:
 + Level 2.0 Fighting
 + Level 2.4 Short Blades
 - Level 1.0 Throwing
 + Level 3.8 Dodging
 * Level 3.0 Spellcasting
 * Level 4.9 Translocations


You had 4 spell levels left.
You knew the following spells:

 Your Spells              Type           Power        Failure   Level  Hunger
a - Apportation           Tloc           ###.......   2%          1    #......
b - Blink                 Tloc           N/A          4%          2    ##.....


Dungeon Overview and Level Annotations

Branches:
Dungeon (1/15)

Altars:


Innate Abilities, Weirdness & Mutations

You are tiny and cannot use many weapons and most armour.
You have supernaturally acute eyesight. (SInv)
You are a herbivore.
You cover ground extremely quickly.
You need consume almost no food.


Message History

You hit the worm but do no damage.
The worm is lightly wounded.
You hit the worm.
The worm is moderately wounded.
The worm barely misses you.
You completely miss the worm.
The worm is moderately wounded.
The worm misses you.
You hit the worm.
The worm is heavily wounded.
You hit the worm.
The worm is severely wounded.
The worm bites you.
You hit the worm.
The worm is severely wounded.
You hit the worm.
The worm is almost dead.
The worm bites you!
Ouch! That really hurt!
You die...

#.)....#.##.##........####
#.#....#................(#
#.##.#.########..........#
#....#.# #.......†..#
#..###.########....).....#
#......##....?######.....#
###.######.....# ###.###
#.......##.w...# #.#
#....##.##..@..# ###.#
#.....#. #.....# #...#
#....##.####.### #.###
#)#..##.####.#### #.#
#.......#.......#####.#
#.......#.##.#......#.#
#.#.#...........#.....##
#.#........###..#.#.##.##
#..###............#.#.#.#####


You could see a worm.

Vanquished Creatures
  An ooze (D:1)
  A dart slug (D:1)
  2 giant geckos (D:1)
  2 giant cockroaches (D:1)
  4 goblins (D:1)
  4 bats (D:1)
  2 giant newts (D:1)
  4 kobolds (D:1)
20 creatures vanquished.

Notes
Turn   | Place    | Note
-------+----------+-------------------------------------------
     0 | D:1      | epen the Spriggan Warper began the quest for the Orb.
     0 | D:1      | Reached XP level 1. HP: 10/10 MP: 5/5
   328 | D:1      | Reached XP level 2. HP: 15/15 MP: 6/6
   382 | D:1      | Learned a level 2 spell: Blink
   594 | D:1      | Slain by a worm

Vault maps used:
D:1:      lightli_iron_boxes

Skill      XL: |  1  2 |
---------------+-------+-----
Fighting       | 2 |  2.0
Spellcasting   | 3 |  3.0
Short Blades   | |  2.4
Throwing       | |  1.0
Dodging        | |  3.8
Translocations | |  4.9

Action                   || total
-------------------------++-------
Melee: Short sword       ||    98
 Stab: Sleeping          ||     2
Armor: Robe              ||    13
Dodge: Dodged            ||    96
